 Dungeon Crawl Stone Soup version 0.13.0-9-gbc74161 (webtiles) character file.

555 Econoterrorist the Ruffian (level 6, -1/59 HPs)
             Began as a Troll Monk on Oct 17, 2013.
             Slain by an ogre
             ... wielding a +0,+0 giant spiked club
              (20 damage)
             ... on Level 4 of the Dungeon on Oct 18, 2013.
             The game lasted 00:13:41 (2716 turns).

Econoterrorist the Ruffian (Troll Monk)             Turns: 2716, Time: 00:13:41

HP  -1/59        AC  6     Str 20      XL: 6   Next: 50%
MP   2/2         EV 11     Int 12      God:
Gold 164         SH  0     Dex 14      Spells:  0 memorised,  5 levels left

Res.Fire  : . . .   See Invis. : .     - Unarmed
Res.Cold  : . . .   Warding    : .   p - +0 elf robe
Life Prot.: . . .   Conserve   : .   (shield restricted)
Res.Poison: .       Res.Corr.  : .   (helmet restricted)
Res.Elec. : .       Clarity    : .   j - +0 orc cloak
Sust.Abil.: . .     Spirit.Shd : .   (gloves unavailable)
Res.Mut.  : .       Stasis     : .   (boots unavailable)
Res.Rott. : .       Flight     : .   (no amulet)
Gourmand  : +                        (no ring)
                                     g - +6 ring of intelligence

@: slightly resistant to hostile enchantments, unstealthy
A: unfitting armour, claws 3, fast metabolism 3, gourmand, regeneration 2,
saprovore 2, tough skin 2, AC +1
a: no special abilities


You were on level 4 of the Dungeon.
You were very full.

You visited 1 branch of the dungeon, and saw 4 of its levels.

You collected 164 gold pieces.

Inventory:

Armour
 j - a +0 orcish cloak (worn)
 p - a +0 elven robe (worn)
Comestibles
 b - 2 meat rations
 d - 2 bread rations
 f - an orange
 q - 2 apples
 r - a sausage
 t - a chunk of adder flesh
Scrolls
 a - 3 scrolls of remove curse {unknown}
 c - a scroll of curse armour {unknown}
 e - 7 scrolls of identify
 h - a scroll of enchant weapon I {unknown}
 i - a scroll of fog {unknown}
 l - 4 scrolls of teleportation {unknown}
Jewellery
 g - a +6 ring of intelligence (left claw)
Potions
 k - 2 potions of agility {unknown}
 n - 2 potions of invisibility {unknown}
 o - a potion of cure mutation {unknown}
 s - a potion of heal wounds {unknown}
 u - a potion of resistance {unknown}


   Skills:
 + Level 3.2 Fighting
 + Level 2.9 Dodging
 - Level 1.1 Stealth
 * Level 7.2 Unarmed Combat


You had 5 spell levels left.
You didn't know any spells.

Dungeon Overview and Level Annotations

Branches:
Dungeon (4/27)
 Temple: D:4-7

Altars:


Innate Abilities, Weirdness & Mutations

You are too large for most types of armour.
You have claws for hands.
Your metabolism is lightning-fast.
You like to eat raw meat.
You heal very quickly.
You can eat rotten meat.
You are covered in fur (AC +1).
You have very tough skin (AC +2).


Message History

Found a scroll of identify.
e - 7 scrolls of identify (gained 1) Eat a rotting chunk of orc flesh? (ye/n/q/i?) This raw flesh tastes great.
You continue eating.
An ogre comes into view. It is wielding a giant spiked club.
The ogre shouts!
Found a large jade ring.
Found a scroll labeled TREDET GUFRAT.
The ogre hits you with a giant spiked club!
You barely miss the ogre. The ogre closely misses you.
You hit the ogre but do no damage. You claw the ogre!
The ogre begins to bleed from its wounds!
The ogre is moderately wounded.
The ogre hits you with a giant spiked club!
You claw the ogre!
The ogre is severely wounded.
The ogre hits you with a giant spiked club!
You die...

..#####...### #.# ##.##
#.# . #.# ##.## . #.#
#...# ###. #.# #...# .
...## #.# #...# ... ...
#.## #####...#
......#O####..###........
#..@................
#.#.#.....###........
#..###### #####...# .....
#...# #.###. #...# = #.
##...# #. #########.....
#. #.......#.#.## ?
#.#####.#.#.##


You could see an ogre (bleeding).

Vanquished Creatures
  The ghost of Econoterrorist the Ducker, a weakling FeMo (D:3)
  3 orc priests
  3 worker ants
  Ijyb (D:3)
  Terence (D:2)
  5 adders
  3 worms
  A giant eyeball (D:4)
  An ooze (D:2)
  11 orcs
  7 goblins
  15 hobgoblins
  10 jackals
  2 quokkas
  A ball python (D:2)
  9 bats
  4 giant cockroaches
  7 giant newts
  A hobgoblin skeleton (D:4)
  5 kobolds
  11 rats
102 creatures vanquished.

Vanquished Creatures (others)
  4 toadstools (D:1)
4 creatures vanquished.

Grand Total: 106 creatures vanquished

Notes
Turn   | Place    | Note
--------------------------------------------------------------
     0 | D:1      | Econoterrorist, the Troll Monk, began the quest for the Orb.
     0 | D:1      | Reached XP level 1. HP: 20/20 MP: 0/0
   144 | D:1      | Reached XP level 2. HP: 28/28 MP: 0/0
   538 | D:1      | Reached skill level 5 in Unarmed Combat
   539 | D:1      | Reached XP level 3. HP: 35/35 MP: 1/1
  1150 | D:2      | Reached XP level 4. HP: 44/44 MP: 1/1
  1193 | D:2      | Noticed Terence
  1201 | D:2      | Killed Terence
  1452 | D:3      | Reached skill level 6 in Unarmed Combat
  1510 | D:3      | Noticed Econoterrorist's ghost (weakling FeMo)
  1532 | D:3      | Killed Econoterrorist's ghost
  1532 | D:3      | Reached XP level 5. HP: 40/50 MP: 1/1
  2045 | D:3      | Noticed Ijyb
  2051 | D:3      | Killed Ijyb
  2275 | D:4      | Reached XP level 6. HP: 59/59 MP: 2/2
  2396 | D:4      | Reached skill level 7 in Unarmed Combat
  2710 | D:4      | Noticed an ogre
  2716 | D:4      | Slain by an ogre

Action                   |  1- 3 |  4- 6 || total
-------------------------+-------+-------++-------
Melee: Unarmed           |   105 |   183 ||   288
  Use: Scroll            |       |     1 ||     1
 Stab: Sleeping          |     1 |     1 ||     2
